Cogmind - Beta 9 @@@ ROGUE MODE // 2019.10.26 @ 16:01:26 Player: ModulinMyGlobulin Result: Self-destructed Performance ------------- Evolutions (1) 500 Regions Visited (3) 600 Robots Destroyed (9) 45 Value Destroyed (230) 230 Prototype IDs (0) 0 Alien Tech Used (0) 0 Bonus (0) 0 TOTAL SCORE: 1375 Bonus ------- None Cogmind --------- Core Integrity 278/400 Matter 300/300 Energy 125/125 System Corruption 0% Temperature Cool (0) Location -9/Storage Parts ------- Power (1) Light Ion Engine Propulsion (3) Flight Unit Utility (3) Small Storage Unit Small Storage Unit Weapon (2) Mace Inventory (8) Improved Ion Engine Light Treads Aluminum Leg Aluminum Leg Light Assault Rifle Grenade Launcher Mace Peak State ------------ Power Light Ion Engine Propulsion Flight Unit Flight Unit Flight Unit Utility Small Storage Unit Small Storage Unit Weapon Light Assault Rifle Mace Inventory Improved Ion Engine Light Treads Aluminum Leg Aluminum Leg Light Assault Rifle Grenade Launcher Mace [Rating: 9] Favorites ----------- Power Ion Engine Engine Ion Engine Propulsion Compact Wheel Leg Aluminum Leg Wheel Compact Wheel Flight Unit Flight Unit Utility Small Storage Unit Storage Small Storage Unit Weapon Light Assault Rifle Energy Gun EM Pulse Gun Ballistic Gun Light Assault Rifle Impact Weapon Mace Build | -11 -10 -9 -9 ------- Run | Scr Mat Mat Sto Slots Evolved 2 | . . 2 . Power . | . . . . Propulsion 1 | . . 1 . Utility 1 | . . 1 . Weapon . | . . . . Parts Attached 14 | 8 . 6 . Power 2 | 1 . 1 . Engine 2 | 1 . 1 . Core . | . . . . Reactor . | . . . . Propulsion 7 | 3 . 4 . Treads . | . . . . Leg 1 | 1 . . . Wheel 3 | 2 . 1 . Hover . | . . . . Flight 3 | . . 3 . Utility 2 | 2 . . . Device . | . . . . Storage 2 | 2 . . . Processor . | . . . . Hackware . | . . . . Protection . | . . . . Artifact . | . . . . Weapon 3 | 2 . 1 . Energy Gun 1 | 1 . . . Energy Cannon . | . . . . Ballistic Gun 1 | 1 . . . Ballistic Cannon . | . . . . Launcher . | . . . . Special Weapon . | . . . . Impact Weapon 1 | . . 1 . Slashing Weapon . | . . . . Piercing Weapon . | . . . . Special Melee Weapon . | . . . . Unidentified Prototypes . | . . . . Parts Lost 3 | . . 3 . Power . | . . . . Propulsion 2 | . . 2 . Utility . | . . . . Weapon 1 | . . 1 . Highest Loss Streak 3 | . . 3 . Average Slot Usage (%) 88 | . 100 82 . Engine 11 | . 14 10 . Wheel 24 | . 28 22 . Flight 5 | . . 8 . Storage 24 | . 28 22 . Energy Gun 9 | . 14 7 . Ballistic Gun 11 | . 14 10 . Naked Turns . | . . . . Heaviest Build 16 | 16 16 16 . Greatest Support 42 | 26 26 42 . Greatest Overweight (x) 3 | 3 . 3 . Average Overweight (x) . | 1 . . . Largest Inventory Capacity 8 | 8 8 8 . Average Capacity 7 | 6 8 8 . Most Carried 8 | 8 8 8 . Average Carried 6 | 4 8 7 . Final Capacity 8 | . . . 8 Final Carried 7 | . . . 7 Class Distribution -------------------- 100% | Mutant Dominant Class ---------------- Mutant | -10/Materials Mutant | -9/Materials Mutant | -9/Storage Resources | -11 -10 -9 -9 ----------- Run | Scr Mat Mat Sto Matter Collected 349 | 180 . 169 . Remotely . | . . . . Salvage Created 343 | 66 . 277 . Parts 26 | 3 . 23 . Haulers Intercepted . | . . . . Recyclers Shooed . | . . . . Parts Field Recycled . | . . . . Retrieved Matter . | . . . . Parts Self-Destructed . | . . . . Prevented . | . . . . Kills | -11 -10 -9 -9 ------- Run | Scr Mat Mat Sto Combat Hostiles Destroyed 8 | . . 8 . Melee 1 | . . 1 . Guns 7 | . . 7 . Classes Destroyed 5 | 1 . 4 . Recycler 1 | 1 . . . Swarmer 3 | . . 3 . Grunt 3 | . . 3 . Duelist 1 | . . 1 . Sentry 1 | . . 1 . Best Kill Streak 5 | 1 . 5 . Combat Bots Only 5 | . . 5 . Max Kills in Single Turn 1 | 1 . 1 . Gunslinging . | . . . . Exploded . | . . . . Melee 1 | . . 1 . Uniques/NPCs Destroyed . | . . . . Combat | -11 -10 -9 -9 -------- Run | Scr Mat Mat Sto Damage Taken 452 | . . 452 . Core 122 | . . 122 . Absorbed by Shields . | . . . . Core Remaining (%) 100 | 100 100 . . Volleys Fired 20 | 2 . 18 . Largest 2 | 2 . 2 . Hottest 60 | 60 . 60 . Shots Fired 40 | 4 . 36 . Gun 40 | 4 . 36 . Cannon . | . . . . Launcher . | . . . . Special . | . . . . Kinetic 20 | 2 . 18 . Thermal . | . . . . Explosive . | . . . . Electromagnetic 20 | 2 . 18 . Robot Hit Streak 16 | 3 . 16 . Robot Miss Streak 5 | 1 . 5 . Penetration Max . | . . . . Secondary Targets 2 | . . 2 . Max Gunslinging Chain 1 | . . 1 . Shots Hit Robots 33 | 3 . 30 . Core Hits 16 | 2 . 14 . Critical Hits . | . . . . Critical Kills . | . . . . Critical Parts Destroyed . | . . . . Melee Attacks 4 | . . 4 . Impact 4 | . . 4 . Slashing . | . . . . Piercing . | . . . . Sneak Attacks . | . . . . Combat Hostiles . | . . . . Follow-up Attacks . | . . . . Damage Inflicted 380 | 40 . 340 . Guns 313 | 40 . 273 . Cannons . | . . . . Explosions . | . . . . Melee 67 | . . 67 . Ramming . | . . . . Kinetic 116 | 10 . 106 . Thermal . | . . . . Explosive . | . . . . Electromagnetic 197 | 30 . 167 . Impact 67 | . . 67 . Slashing . | . . . . Piercing . | . . . . Highest Corruption . | . . . . Average Corruption . | . . . . Corruption Purged . | . . . . Overload Shots . | . . . . Overflow Damage . | . . . . Projectiles . | . . . . Explosions . | . . . . Melee . | . . . . Knockbacks . | . . . . Impact . | . . . . Kinetic . | . . . . Secondary . | . . . . Self-Inflicted Damage . | . . . . Shots . | . . . . Rammed . | . . . . Targets Rammed . | . . . . Kicked . | . . . . Crushed . | . . . . Highest Temperature 57 | 20 . 57 . Average Temperature 23 | 15 . 24 . Received Heat Transfer 171 | . . 171 . Siege Activations . | . . . . Robots Corrupted . | . . . . Combat Hostiles . | . . . . Parts Fried 1 | 1 . . . Impact Corruptions . | . . . . Robots Melted . | . . . . Combat Hostiles . | . . . . Parts Melted . | . . . . Heat Transferred . | . . . . Parts Sabotaged . | . . . . Parts Stolen . | . . . . Parts Stripped . | . . . . Power Chain Reactions . | . . . . Missiles Intercepted . | . . . . Alert | -11 -10 -9 -9 ------- Run | Scr Mat Mat Sto Peak Influence 215 | 5 3 215 . Average Influence 47 | 1 3 98 . Maximum Alert Level 1 | . . 1 . Low Security (%) 95 | . . . . Level 1 4 | . . . . Level 2 . | . . . . Level 3 . | . . . . Level 4 . | . . . . Level 5 . | . . . . High Security . | . . . . Max Security . | . . . . Squads Dispatched . | . . . . Investigation . | . . . . Extermination . | . . . . Reinforcement . | . . . . Assault . | . . . . Garrison . | . . . . Intercept . | . . . . Construction Impeded . | . . . . Haulers Reinforced . | . . . . Stealth | -11 -10 -9 -9 --------- Run | Scr Mat Mat Sto Distress Signals 2 | . . 2 . Communications Jammed . | . . . . Distress Signals . | . . . . Times Spotted 18 | . . 18 . Peak Tracking Total 9 | . . 9 . Tactical Retreats 1 | . . 1 . Traps | -11 -10 -9 -9 ------- Run | Scr Mat Mat Sto Traps Triggered . | . . . . Indirectly . | . . . . Trap Hack Attempts . | . . . . Triggered . | . . . . Disarmed . | . . . . Reprogrammed . | . . . . Reused . | . . . . Traps Extracted . | . . . . Installed . | . . . . Triggered . | . . . . Machines | -11 -10 -9 -9 ---------- Run | Scr Mat Mat Sto Machines Disabled . | . . . . Max in Single Turn . | . . . . Machines Sabotaged . | . . . . Garrisons Compromised . | . . . . Overloaded Fab Kills . | . . . . Fab Network Shutdowns . | . . . . Hacking | -11 -10 -9 -9 --------- Run | Scr Mat Mat Sto Machines Accessed 1 | . . 1 . Terminals 1 | . . 1 . Fabricators . | . . . . Repair Stations . | . . . . Recycling Units . | . . . . Scanalyzers . | . . . . Garrison Access . | . . . . Total Hacks 2 | . . 2 . Successful . | . . . . Failed 2 | . . 2 . Catastrophic . | . . . . Database Lockouts . | . . . . Manual . | . . . . Terminals 2 | . . 2 . Fabricators . | . . . . Repair Stations . | . . . . Recycling Units . | . . . . Scanalyzers . | . . . . Garrison Access . | . . . . Terminal Hacks . | . . . . Fabricator Hacks . | . . . . Repair Station Hacks . | . . . . Recycling Unit Hacks . | . . . . Scanalyzer . | . . . . Garrison Access Hacks . | . . . . Unauthorized Hacks . | . . . . Terminals . | . . . . Fabricators . | . . . . Repair Stations . | . . . . Recycling Units . | . . . . Scanalyzers . | . . . . Garrison Access . | . . . . Data Cores Recovered . | . . . . Used . | . . . . Hacking Detections 1 | . . 1 . Full Trace Events . | . . . . Feedback Events . | . . . . Feedback Blocked . | . . . . Robot Schematics Acquired . | . . . . Robots Built . | . . . . Matter . | . . . . Time . | . . . . Total Robot Build Rating . | . . . . Part Schematics Acquired . | . . . . Parts Built . | . . . . Matter . | . . . . Time . | . . . . Total Part Build Rating . | . . . . Parts Repaired . | . . . . Time . | . . . . Parts Recycled . | . . . . Recycled Matter . | . . . . Retrieved Matter . | . . . . Retrieved Components . | . . . . Parts Scanalyzed . | . . . . Part Schematics Acquired . | . . . . Parts Damaged . | . . . . Bothacking | -11 -10 -9 -9 ------------ Run | Scr Mat Mat Sto Used RIF Installer . | . . . . Robots Hacked . | . . . . Non-combat . | . . . . Combat . | . . . . Robot Hacks Applied . | . . . . Relay Couplers Released . | . . . . Robots Rewired . | . . . . Allies Hacked . | . . . . Hacks Repelled . | . . . . Allies | -11 -10 -9 -9 -------- Run | Scr Mat Mat Sto Total Allies . | . . . . Largest Group . | . . . . Highest-Rated Group . | . . . . Highest-Rated Ally . | . . . . Total Orders . | . . . . Ally Attacks . | . . . . Total Damage . | . . . . Kills . | . . . . Allies Corrupted . | . . . . Allies Melted . | . . . . Intel | -11 -10 -9 -9 ------- Run | Scr Mat Mat Sto Robot Analysis Total . | . . . . Derelict Logs Recovered . | . . . . Drone Launches . | . . . . Drone Recoveries . | . . . . Exploration | -11 -10 -9 -9 ------------- Run | Scr Mat Mat Sto Turns Passed 291 | 81 71 139 . Spaces Moved 221 | 46 78 97 . Core 24 | 24 . . . Treads . | . . . . Legs . | . . . . Wheels 145 | 22 78 45 . Hover . | . . . . Flight 52 | . . 52 . Fastest Speed 34 | 50 90 34 . Average Speed 85 | 122 90 64 . Slowest Speed 280 | 200 90 280 . Overloaded Moves . | . . . . Propulsion Burnouts . | . . . . Robots Hopped 3 | . . 3 . Cave-ins Triggered . | . . . . Exploration Rate (%) 11 | 3 28 14 2 Regions Visited 3 Branch Regions 1 Pre-discovered Areas . | . . . . Known Exits Taken . | . . . . Unknown Exits Taken 3 | 1 1 1 . Scrap Searched . | . . . . Spaces Dug . | . . . . Terrain Destroyed . | . . . . Melee . | . . . . Projectile . | . . . . AOE . | . . . . Actions | -11 -10 -9 -9 --------- Run | Scr Mat Mat Sto Total 278 | 63 79 136 . Wait 3 | . . 3 . Move 212 | 45 77 90 . Hop 3 | . . 3 . Pick Up 12 | 7 1 4 . Fast Attach 12 | 8 . 4 . Attach 2 | . . 2 . Detach 1 | 1 . . . Swap . | . . . . Drop 9 | . 1 8 . Fire 20 | 2 . 18 . Melee 4 | . . 4 . Ram . | . . . . Kick . | . . . . Crush . | . . . . Escape Stasis . | . . . . Rewire . | . . . . Trap . | . . . . Miscellaneous . | . . . . Route ------- -11/Scrapyard -10/Materials -9/Materials -9/Storage History --------- Turn | Location | Event 23 | -11/Scrapyard | Discovered new exit (range 16) 82 | -11/Scrapyard | Entered Materials 142 | -10/Materials | Discovered new exit (range 8) 153 | -10/Materials | Entered another Materials area 153 | -9/Materials | Evolved 2 slots: Propulsion x1, Utility x1 277 | -9/Materials | Discovered new exit (range 11) 292 | -9/Materials | Entered Storage 292 | -9/Storage | Self-destructed Last Messages --------------- 00257_ Acquired Flight Unit. 00259_ Dropped EM Pulse Gun. 00259_ Dropped Ion Engine. 00260_ Acquired Lgt. Ion Engine. 00261_ Acquired 49 matter. 00262_ Dropped Sml. Laser. 00263_ Dropped Tractor Beam. 00264_ Acquired Mace. 00269_ K-01 Serf collects debris. 00269_ Connecting with Terminal... 00269_ Current location identified: Materials 00277_ EXIT=FOUND 00288_ Lgt. Assault Rifle destroyed. 00289_ Flight Unit destroyed. 00290_ Y-45 Defender destroyed. 00290_ Door malfunctions. 00291_ Acquired 50 matter. 00291_ Flight Unit destroyed. LOCATION=UNKNOWN GOAL=ESCAPE Map ----- +----------------------------------------------------+ | | | | | | | | | | | | | | | | | | | | | | | | | | | | | | | | | | | | | | | | | ??????????????????????????????? | | ??????????????????????????????? | | ??????????????????????????????? | | ????########### #?????????? | | ????# #?????????? | | ????# @ +?????????? | | ????# #?????????? | | ????########### #?????????? | | ??????????????????????????????? | | ??????????????????????????????? | | ??????????????????????????????? | | ??????????????????????????????? | | ??????????????????????????????? | | ??????????????????????????????? | | ??????????????????????????????? | | ??????????????????????????????? | | ??????????????????????????????? | | ??????????????????????????????? | | ??????????????????????????????? | | ??????????????????????????????? | | ??????????????????????????????? | | ??????????????????????????????? | | ??????????????????????????????? | | ??????????????????????????????? | | ??????????????????????????????? | | ??????????????????????????????? | | ??????????????????????????????? | | ??????????????????????????????? | | ??????????????????????????????? | | ??????????????????????????????? | +----------------------------------------------------+ Best States ------------- Heat Dissipation 28 Energy Generation 10 Energy Capacity 250 Matter Stores 249 Matter Capacity 300 Sight Range 16 Terrain Scan Density 10 Evasion (%) 63 Item Schematics ----------------- None Robot Schematics ------------------ None Fabricated ------------ Nothing Alien Tech Used ----------------- None Achievements -------------- None Challenges ------------ None Game ------ Seed DisruptionBattleSystem Manual? 0 Play Time 00:04:16 Cumulative 43.2 hours Start 2019.10.26 @ 15:55:30 End 2019.10.26 @ 16:01:26 Sessions 1 Manual Loads 0 Difficulty Rogue Special Mode None Game No. 115 Rogue 115 Adventurer 0 Explorer 0 Win Type - Total 0 Types 0/0/0/0/0/0/0 Lore% 34 Gallery% 37 Achievement% 20 Wizard Run 0 Options --------- ASCII 0 Keyboard 0 Movement Numpad Keybinds 0 Fullscreen 1 Font 18/SmallcapsGlow Map View 76x50 Tactical HUD 1 Map Filters NONE Filters NONE Steam 1 RUN: 44960a50-ee78-4b91-9629-815a7b197b86